 Dungeon Crawl Stone Soup version 0.31-a0-79-g9ec6622867 (webtiles) character file.

Game seed: 5330482281379979757

3671 Kenran the Grappler (level 9, -3/66 HPs)
             Began as a Vampire Fighter on May 24, 2023.
             Was an Elder of Hepliaklqana.
             Slain by a large slime creature (27 damage)
             ... on level 8 of the Dungeon.
             The game lasted 00:11:45 (6685 turns).

Kenran the Grappler (Vampire Fighter)               Turns: 6685, Time: 00:11:45

Health: -3/66      AC:  9    Str: 19    XL:     9   Next: 89%
Magic:  9/9        EV:  9    Int: 10    God:    Hepliaklqana [****..]
Gold:   457        SH:  5    Dex: 14    Spells: 8/8 levels left

rFire   . .          .
                       - Unarmed
rCold   + . .        b - +0 buckler
rNeg    . . .        m - +0 chain mail
rPois   .            (no helmet)
rElec   .            (no cloak)
rCorr   .            (no gloves)
SInv    +            (no boots)
Will    .....        (no amulet) Stlth
                     z - ring of protection from cold
HPRegen 0.51/turn    (no ring)
MPRegen 0.11/turn

%: no passive effects
@: healing quickly
A: reduced essence, alive, fangs 3, see invisible, vampiric 2
a: Exsanguinate, Renounce Religion, Recall Ancestor, Ancestor Identity,
Transference, Idealise


You were on level 8 of the Dungeon.
You worshipped Hepliaklqana.
Hepliaklqana was greatly pleased with you.
You visited 1 branch of the dungeon, and saw 9 of its levels.
You also visited: Ossuary.

You collected 457 gold pieces.

Inventory:

Armour
 b - a +0 buckler (worn)
 m - a +0 chain mail (worn)
Jewellery
 z - a ring of protection from cold (left hand)
 E - an amulet of reflection
Wands
 g - a wand of flame (43)
 n - a wand of polymorph (10)
 A - a wand of iceblast (16)
Scrolls
 a - 2 scrolls of teleportation
 i - 2 scrolls of vulnerability {!r}
 l - a scroll of fear
 o - 4 scrolls of poison {!r}
 t - a scroll of magic mapping
 u - 4 scrolls of enchant weapon {unknown}
 v - a scroll of enchant armour {unknown}
 w - a scroll of brand weapon {unknown}
 x - 2 scrolls of blinking {unknown}
 y - 2 scrolls of fog {unknown}
 D - a scroll of amnesia {unknown}
Potions
 c - a potion of haste {unknown}
 d - 2 potions of degeneration {unknown}
 e - 2 potions of curing {@q1}
 f - 5 potions of enlightenment {unknown}
 h - a potion of ambrosia {unknown}
 j - 3 potions of heal wounds {@q2}
 k - a potion of attraction {unknown}
 p - 2 potions of lignification {unknown}
 q - 2 potions of magic {unknown}
 r - a potion of resistance
 s - a potion of invisibility {unknown}
 B - a potion of might
 C - a potion of brilliance {unknown}


   Skills:
 - Level 8.0 Fighting
 - Level 3.0 Armour
 + Level 3.7 Dodging
 - Level 3.0 Shields
 - Level 12.0 Unarmed Combat


You had 8 spell levels left.
You didn't know any spells.
Your spell library contained the following spells:

 Spells                   Type           Power      Damage    Failure   Level
 Gell's Gravitas          Tloc           0%         N/A       100%        3
 Teleport Other           Tloc           0%         N/A       100%        3
 Tukima's Dance           Hex            0%         N/A       100%        3
 Cause Fear               Hex            0%         N/A       100%        4
 Passage of Golubria      Tloc           0%         N/A       100%        4
 Yara's Violent Unravell  Hex/Tmut       0%         3d3       100%        5
 Dispersal                Tloc           0%         N/A       100%        6
 Dragon Form              Tmut           0%         N/A       100%        7
 Dragon's Call            Summ           0%         N/A       100%        9


Dungeon Overview and Level Annotations

Branches:
Dungeon (9/15)             Temple (0/1) D:5         Ossuary (visited)
   Lair: D:8-11         Orc: D:9-12

Altars:
Ashenzari
Fedhas
Hepliaklqana
Uskayaw

Annotations:
D:7 2 transporters; two-headed ogre


Innate Abilities, Weirdness & Mutations

Your life essence is reduced to manifest your ancestor. (-10% HP)
Your natural rate of healing is accelerated.
You have razor-sharp teeth.
You have supernaturally acute eyesight. (SInv)
You are afflicted with vampirism and can become a bat while bloodless.


Message History

Things that are here:
a +0 robe; a +0 dagger; an orc corpse You see here a +0 rapier.
There is a stone staircase leading down here.
You climb downwards.
The slime creature quivers.
The orc warrior shoots an arrow.
The arrow hits you but does no damage.
The orc wizard casts a spell.
The orc wizard flickers and vanishes for a moment.
Found 15 gold pieces.
There is a stone staircase leading up here.
The slime creature completely misses you.
The slime creature hits you! The slime creature hits you!!
The orc wizard points at you and mumbles some strange words.
You easily resist.
You climb upwards.
There is a stone staircase leading down here.
You punch the slime creature! Your bite misses the slime creature.
The slime creature is moderately wounded.
Ntombi hits the slime creature with a +0 dagger of draining.
The slime creature closely misses you.
Two slime creatures merge to form a large slime creature.
The slime creature hits you!
Ntombi hits the slime creature with a +0 dagger of draining.
Ntombi drains the slime creature.
You punch the slime creature!
The slime creature is severely wounded.
Ntombi hits the slime creature with a +0 dagger of draining!
Ntombi drains the slime creature.
The slime creature hits you!
You hit the slime creature. You bite the slime creature!
The slime creature is almost dead.
Ntombi points at the slime creature and mumbles some strange words.
The slime creature resists with some effort.
You catch the helpless slime creature completely off-guard!
You pummel the slime creature!!
You kill the slime creature!
You block the large slime creature's attack.
The large slime creature attacks as you move away!
The large slime creature hits you!!
You die...

.# #.#.#.#
#............# .#
#)#.#.################.#
.# #.#)#.......# #.# .#
#.#.#######.# ##.## .#
#.#.# #.#########...###
.# #.#.#
#.##........#...# .#
#.#)# #.##.######...#.#
.####.#)# #.##.##
##.##.# ......#)#
#R@J..# #.##.# ..#####.#
####..######.##.#
........#
#........##.##.#
#.#####.#
#.#..###....##.# #.# #.#
#.#..# #.#####.# #.# #.#
#.#).# #.# #.# #.# #.#
#.#..# #.# #.# #.# #.#
#.#.####.# #.# #.# #.#
##........#####.#


You could see the friendly Ntombi the hexer and a large slime creature (ally
target).

Vanquished Creatures
  A slime creature (D:8)
  Duvessa (D:5)
  An ice beast (D:7)
  A sky beast (D:6)
  2 orc warriors
  A black bear (D:8)
  A phantom (D:5)
  2 kobold brigands (D:8)
  6 bullfrogs
  4 scorpions
  2 water moccasin zombies (Ossuary)
  3 wights (D:8)
  Dowan (D:5)
  3 killer bees (D:8)
  2 hounds
  An iguana (D:6)
  2 orc priests (D:8)
  3 orc wizards
  9 gnolls
  3 adders
  2 shadow imps
  A white imp (D:7)
  2 adder zombies (Ossuary)
  3 worms
  A dart slug (D:5)
  13 orcs
  3 ball pythons
  3 endoplasms
  2 giant cockroaches
  4 goblins
  2 hobgoblins
  4 jackals
  15 kobolds
  3 quokkas
  2 bats (D:1)
  3 frilled lizards
  3 gnoll zombies (Ossuary)
  5 hobgoblin zombies (Ossuary)
  5 kobold zombies (Ossuary)
  3 orc zombies (Ossuary)
  2 rats (D:1)
130 creatures vanquished.

Vanquished Creatures (collateral kills)
  A steam dragon (D:7)
  Edmund (D:4)
  An acid dragon (D:8)
  An ice beast (D:5)
  2 centaurs
  A phantom (D:5)
  A kobold brigand (D:7)
  A scorpion (D:5)
  A water moccasin zombie (Ossuary)
  2 wights (D:8)
  A killer bee (D:8)
  2 gnoll boudas
  A hound (D:4)
  An orc wizard (D:4)
  2 mummies (Ossuary)
  6 gnolls
  2 adder zombies (Ossuary)
  2 worms
  A dart slug (D:3)
  An orc (D:4)
  A ball python (D:4)
  An endoplasm (D:4)
  2 giant cockroaches (D:4)
  3 goblins (D:4)
  A jackal (D:5)
  A quokka (D:4)
  A kobold (D:7)
  A kobold zombie (Ossuary)
  2 orc zombies (Ossuary)
44 creatures vanquished.

Vanquished Creatures (others)
  2 hexers
  An orc (D:8)
3 creatures vanquished.

Grand Total: 177 creatures vanquished

Notes
Turn   | Place    | Note
-------+----------+-------------------------------------------
     0 | D:1      | Kenran the Vampire Fighter began the quest for the Orb.
     0 | D:1      | Reached XP level 1. HP: 17/17 MP: 1/1
   194 | D:1      | Reached skill level 3 in Unarmed Combat
   222 | D:1      | Reached XP level 2. HP: 20/23 MP: 2/2
  1158 | D:2      | Gained mutation: You are afflicted with vampirism and can
                  | become a bat while bloodless. [Vampire growth]
  1158 | D:2      | Reached XP level 3. HP: 25/28 MP: 3/3
  1200 | D:2      | Found a faded altar of an unknown god.
  1614 | D:2      | Reached skill level 4 in Unarmed Combat
  1676 | D:2      | Prayed at the altar of an unknown god.
  1676 | D:2      | Became a worshipper of Hepliaklqana the Forgotten
  1676 | D:2      | Reached * piety under Hepliaklqana
  1692 | D:3      | Found a broken altar of Ashenzari.
  2095 | D:3      | Found a blossoming altar of Fedhas.
  2517 | D:3      | Found a hide-covered altar of Uskayaw.
  2674 | D:4      | Reached XP level 4. HP: 30/30 MP: 4/4
  2691 | D:4      | Noticed a scorpion
  2707 | D:4      | Killed a scorpion
  2712 | D:4      | Noticed a scorpion
  2719 | D:4      | Killed a scorpion
  2720 | D:4      | Reached skill level 5 in Unarmed Combat
  2720 | D:4      | Reached XP level 5. HP: 22/36 MP: 5/5
  2728 | D:4      | Reached ** piety under Hepliaklqana
  2730 | D:4      | Remembered your ancestor Ntombi as a hexer
  2737 | D:4      | Found a sand-covered staircase.
  2746 | Ossuary  | Entered an ossuary
  2759 | Ossuary  | Reached skill level 6 in Unarmed Combat
  2814 | Ossuary  | Reached XP level 6. HP: 42/42 MP: 6/6
  2872 | Ossuary  | Reached skill level 7 in Unarmed Combat
  3321 | D:4      | Reached XP level 7. HP: 46/46 MP: 7/7
  3353 | D:4      | Noticed Edmund
  3366 | D:4      | Killed Edmund
  3367 | D:4      | Reached skill level 8 in Unarmed Combat
  3526 | D:5      | Entered Level 5 of the Dungeon
  3580 | D:5      | Reached skill level 9 in Unarmed Combat
  3589 | D:5      | Noticed Dowan
  3590 | D:5      | Noticed Duvessa
  3607 | D:5      | Killed Duvessa
  3608 | D:5      | Killed Dowan
  3660 | D:5      | Reached XP level 8. HP: 47/52 MP: 8/8
  3705 | D:5      | Reached skill level 10 in Unarmed Combat
  3736 | D:5      | Found a staircase to the Ecumenical Temple.
  4068 | D:6      | Reached *** piety under Hepliaklqana
  4076 | D:6      | Reached skill level 5 in Fighting
  4773 | D:7      | Found a transporter.
  5034 | D:7      | Reached skill level 11 in Unarmed Combat
  5034 | D:7      | Reached XP level 9. HP: 62/62 MP: 9/9
  5052 | D:7      | Found a transporter.
  5385 | D:8      | Noticed a two-headed ogre
  5487 | D:8      | Reached skill level 12 in Unarmed Combat
  6082 | D:8      | Identified the +1 ring mail of Indomitability {*Corrode rC-
                  | Int+2 Dex+4}
  6229 | D:8      | Reached **** piety under Hepliaklqana
  6685 | D:8      | Slain by a large slime creature

Illustrated notes

Levels and vault maps discovered:
D:1:      doesnt_arrival_eight_statues, layout_basic
D:2:      layout_loops_corners, shapermc_ecumenical_altar_notcrosses,
          corexii_item_surrounded_by_moat
D:3:      layout_loops_ring, mainiacjoe_overflow_cross_hatched,
          mainiacjoe_overflow_six_doors_small, mainiacjoe_overflow_catwalk,
          serial_bayou, serial_bayou_pond_d, serial_bayou_shore_a,
          serial_bayou_pond_c, serial_bayou_lagoon_a, serial_bayou_lagoon_b,
          serial_bayou_pond_e
D:4:      layout_gridville, mainiacjoe_overflow_paths,
          nicolae_ossuary_entry_ruins, minmay_misc_feat_pillars, uniq_edmund
D:5:      layout_rooms, minmay_temple_entry_mini_moons, uniq_duvessa
D:6:      layout_loops_ring
D:7:      gammafunk_cloud_chamber, layout_rooms, serial_corexii_hall,
          corexii_hall_statues_i, chequers_hall_statues_corner_a,
          corexii_hall_statues_x
D:8:      layout_loops_ring
D:9:      layout_cave_pools, nicolae_kikubaaqudgha_miasma_corner,
          mainiacjoe_overflow_surrounded_room

Skill      XL: |  1  2  3  4  5  6  7  8  9 |
---------------+----------------------------+-----
Unarmed Combat | 3 4 5 6 7 9 11 12 | 12.0
Fighting       | 3 6 8 |  8.0
Shields        | 3 |  3.0
Armour         | 3 |  3.0
Dodging        | 3 |  3.7

Action                     |  1- 3 |  4- 6 |  7- 9 || total
---------------------------+-------+-------+-------++-------
  Melee: Unarmed           |   135 |   125 |   293 ||   553
         Bite              |    14 |    13 |    37 ||    64
 Invoke: Ancestor Life: He |       |     1 |       ||     1
    Use: Potion            |       |     2 |     1 ||     3
         Scroll            |       |       |     8 ||     8
   Stab: Distracted        |       |     2 |     5 ||     7
         Confused          |       |     1 |    11 ||    12
 Armour: Scale mail        |    33 |       |       ||    33
         Chain mail        |     9 |    60 |    96 ||   165
  Dodge: Dodged            |    33 |    37 |    71 ||   141
  Block: Buckler           |    26 |    23 |    51 ||   100

Table legend: (Time is in decaauts)
 A = Elapsed time spent in this place.
 B = Non-inter-level travel time spent in this place.
 C = Inter-level travel time spent in this place.
 D = Time resting spent in this place.
 E = Time spent auto-exploring this place.
 F = Levels seen in this place.
 G = Mean time per level.
                   A        B        C        D        E       F      G
               +--------+--------+--------+--------+--------+-----+--------+
         Total |   6687 |   6284 |    403 |    442 |   4365 |  10 |  668.7 |
       Dungeon |   6512 |   6109 |    403 |    442 |   4365 |   9 |  723.6 |
       Ossuary |    175 |    175 |      0 |      0 |      0 |   1 |  175.0 |
               +--------+--------+--------+--------+--------+-----+--------+

Top non-repeatable levels by time:
     D:8: 1220 daAuts
     D:1: 933 daAuts
     D:3: 906 daAuts
     D:2: 885 daAuts
     D:6: 763 daAuts
     D:4: 671 daAuts
     D:7: 645 daAuts
     D:5: 465 daAuts
 Ossuary: 175 daAuts
     D:9: 19 daAuts
